AoeStats
← SirFelatus

Arabia

508500265Analyzed
1v1 RM · 9d ago on Sep 22, 2026· 50m 31s· 2 players
Game mode
Random Map
Map size
Tiny (2 player)
Population
200
Speed
Normal
Resources
Standard
Victory
Conquest
Starting age
Dark Age
Ending age
Imperial Age
RankedLock teamsTeams togetherTeam positionsShared explorationLock speedFull tech treeHidden civsTurbo modeCheats
Victory
Defeat
🇨🇱 Britons · Chile
888
+11
🇪🇸 Britons · Spain
773
-11
SirFelatus
0:28 Loom
9:56 Feudal Age
10:39 Town Watch
10:41 Double-Bit Axe
10:39 Horse Collar
14:32 Gold Mining
21:24 Castle Age
20:08 Fletching
21:50 Padded Archer Armor
21:53 Crossbowman
24:22 Bow Saw
24:54 Wheelbarrow
26:05 Bodkin Arrow
29:06 Hand Cart
29:51 Forging
32:32 Town Patrol
32:34 Elite Skirmisher
33:32 Leather Archer Armor
35:43 Iron Casting
42:26 Imperial Age
48:45 Bracer
49:24 Husbandry
49:42 Warwolf
maxicandiaampuero
0:37 Loom
16:40 Feudal Age
17:19 Horse Collar
17:48 Double-Bit Axe
20:26 Fletching
20:37 Padded Archer Armor
25:21 Castle Age
25:26 Crossbowman
28:07 Bodkin Arrow
28:44 Bow Saw
28:49 Gold Mining
29:31 Ballistics
30:35 Leather Archer Armor
40:52 Imperial Age
48:19 Chemistry
48:21 Arbalester
Connection lost

Rejoining the realm…

Still unreachable

The connection could not be restored.

Session expired

The server has moved on; the page needs a fresh start.